 Dungeon Crawl Stone Soup version 0.30.1-9-gdf580d7c3d (webtiles) character file.

Game seed: 14147359716365538331

8277 leafyfresh the Covert (level 11, -12/89 HPs)
             Began as a Gnoll Delver on Oct 12, 2023.
             Was an Initiate of Gozag.
             Mangled by an anaconda simulacrum (13 damage)
             ... in an ice cave.
             The game lasted 00:18:25 (11519 turns).

leafyfresh the Covert (Gnoll Delver)               Turns: 11519, Time: 00:18:26

Health: -12/89     AC: 13    Str: 12    XL:     11   Next: 28%
Magic:  21/29      EV: 10    Int:  9    God:    Gozag
Gold:   2071       SH:  9    Dex: 21    Spells: 19/22 levels left

rFire   + . .        l - +6 short sword of Hubris {protect, rC- rCorr Dex+3}
rCold   + . .        e - +3 buckler
rNeg    . . .        m - +0 scale mail
rPois   +            n - +2 hat
rElec   +            (no cloak)
rCorr   +            v - +2 pair of gloves
SInv    .            (no boots)
Will    .....        B - amulet of magic regeneration
Stlth   ++++         j - ring of magical power
HPRegen 0.34/turn    t - ring of protection from cold
MPRegen 0.61/turn

%: no passive effects
@: about to teleport, resistant, very slightly contaminated, constricted
A: fangs 1, strong nose, distributed training
a: Renounce Religion, Potion Petition, Call Merchant, Bribe Branch


You were in an ice cave.
You worshipped Gozag.
Gozag was most pleased with you.
You visited 2 branches of the dungeon, and saw 12 of its levels.
You also visited: Ice Cave.

You collected 2088 gold pieces.
You paid 17 gold pieces to Gozag.

Inventory:

Hand Weapons
 l - the +6 short sword of Hubris (weapon) {protect, rC- rCorr Dex+3}
   (You found it on level 5 of the Dungeon)

   Dex:       It affects your dexterity (+3).
   rC:        It makes you vulnerable to cold.
   rCorr:     It protects you from acid and corrosion.
Armour
 e - a +3 buckler (worn)
 m - a +0 scale mail (worn)
 n - a +2 hat (worn)
 v - a +2 pair of gloves (worn)
Magical Staves
 w - a staff of air
Jewellery
 j - a ring of magical power (left hand)
 t - a ring of protection from cold (right hand)
 B - an amulet of magic regeneration (around neck)
Wands
 g - a wand of digging (3)
 u - a wand of flame (9)
Scrolls
 b - 2 scrolls of identify
 c - 2 scrolls of fog
 d - 3 scrolls of magic mapping
 r - a scroll of butterflies
 x - a scroll of teleportation
 C - a scroll of immolation
Potions
 a - 5 potions of brilliance
 f - 2 potions of haste
 h - a potion of ambrosia
 o - 5 potions of curing
 q - a potion of mutation
 z - 3 potions of might {unknown}
 A - a potion of flight {unknown}


   Skills:
 + Level 9.2 Fighting
 + Level 7.9 Short Blades
 + Level 6.3 Long Blades
 + Level 6.3 Axes
 + Level 6.3 Maces & Flails
 + Level 6.3 Polearms
 + Level 6.3 Staves
 + Level 6.3 Ranged Weapons
 + Level 6.3 Throwing
 + Level 6.3 Armour
 + Level 7.9 Dodging
 + Level 11.5 Stealth
 + Level 6.3 Shields
 + Level 6.3 Unarmed Combat
 + Level 6.3 Spellcasting
 + Level 5.3 Conjurations
 + Level 5.3 Hexes
 + Level 5.3 Summonings
 + Level 5.3 Necromancy
 + Level 5.3 Translocations
 + Level 5.3 Transmutations
 + Level 5.3 Fire Magic
 + Level 5.3 Ice Magic
 + Level 5.3 Air Magic
 + Level 5.3 Earth Magic
 + Level 5.3 Poison Magic
 + Level 7.0 Invocations
 + Level 6.3 Evocations


You had 19 spell levels left.
You knew the following spells:

 Your Spells              Type           Power      Damage    Failure   Level
a - Teleport Other        Tloc           12%        N/A       41%         3

Your spell library contained the following spells:

 Spells                   Type           Power      Damage    Failure   Level
 Foxfire                  Conj/Fire      48%        2x1d6     14%         1
 Blink                    Tloc           24%        N/A       22%         2
 Lesser Beckoning         Tloc           24%        N/A       22%         2
 Momentum Strike          Conj/Tloc      24%        3d8       22%         2
 Gell's Gravitas          Tloc           12%        N/A       41%         3
 Vhi's Electric Charge    Tloc/Air       24%        N/A       41%         3
 Alistair's Intoxication  Tmut/Pois      8%         N/A       99%         5
 Arcjolt                  Conj/Air       6%         1d16      99%         5
 Borgnjor's Vile Clutch   Necr/Erth      6%         N/A       99%         5
 Fireball                 Conj/Fire      6%         3d5       99%         5
 Eringya's Noxious Bog    Tmut/Pois      6%         N/A       100%        6
 Plasma Beam              Fire/Air       6%         2x1d18    100%        6
 Starburst                Conj/Fire      6%         6d4       100%        6


Dungeon Overview and Level Annotations

Branches:
Dungeon (11/15)            Temple (1/1) D:4            Lair (0/5) D:10
    Orc (0/2) D:11          IceCv (1/1)

Altars:
Ashenzari
Cheibriados
Dithmenos
Elyvilon
Fedhas
Gozag
Hepliaklqana
Kikubaaqudgha
Makhleb
Nemelex Xobeh
Okawaru
Qazlal
Ru
Sif Muna
Trog
Uskayaw
Vehumet
Wu Jian
Xom
Yredelemnul
Zin
The Shining One
Lugonu

Shops:
D:2 !   D:3 [

Annotations:
D:11 Josephine


Innate Abilities, Weirdness & Mutations

You have very sharp teeth.
Your uncanny sense of smell can sniff out nearby items.
Your experience applies equally to all skills.


Message History

* * * LOW HITPOINT WARNING * * *
The anaconda simulacrum constricts you.
* * * LOW HITPOINT WARNING * * *
The white ugly thing basks in your mutagenic energy and changes!
The anaconda simulacrum bites you.
* * * LOW HITPOINT WARNING * * *
The anaconda simulacrum freezes you! You resist.
* * * LOW HITPOINT WARNING * * *
The anaconda simulacrum constricts you.
You block the cane toad simulacrum's attack.
Unknown command.
Unknown command.
You cannot move.
Unknown command.
You feel much better.
You block the anaconda simulacrum's attack.
The anaconda simulacrum constricts you.
* * * LOW HITPOINT WARNING * * *
The anaconda simulacrum bites you.
* * * LOW HITPOINT WARNING * * *
The anaconda simulacrum freezes you! You resist.
* * * LOW HITPOINT WARNING * * *
The anaconda simulacrum constricts you.
The cane toad simulacrum barely misses you.
You feel much better.
You are no longer locked in place.
The anaconda simulacrum bites you.
* * * LOW HITPOINT WARNING * * *
The anaconda simulacrum freezes you! You resist.
* * * LOW HITPOINT WARNING * * *
The anaconda simulacrum constricts you.
* * * LOW HITPOINT WARNING * * *
The cane toad simulacrum misses you.
You block the purple ugly thing's attack.
As you read the scroll of teleportation, it crumbles to dust.
You feel strangely unstable. The anaconda simulacrum bites you!
* * * LOW HITPOINT WARNING * * *
The anaconda simulacrum freezes you! You resist.
You die...
Your body crumbles into a pile of gold.

#######
##..∩..##
##@..∩...##
##uZZ......#
#..Z........#
#...........#
#...........#
#.............#
#....8...8....#
#......[......#
##....(!/....#


You could see a purple ugly thing, an anaconda simulacrum and 2 cane toad
simulacra.

Vanquished Creatures
  4 two-headed ogres
  A komodo dragon (D:10)
  A spriggan (D:7)
  Sigmund (D:2)
  A shadow (D:10)
  A wyvern (D:10)
  4 yaks
  4 steam dragons
  3 water moccasins
  An acid dragon (D:9)
  Duvessa (D:7)
  2 orc warriors
  2 black bears
  2 ice beasts (D:7)
  3 sky beasts
  3 ogres
  2 centaurs
  2 kobold brigands (D:9)
  6 bullfrogs (D:10)
  2 gnoll sergeants (D:8)
  2 scorpions
  Dowan (D:8)
  4 killer bees (D:9)
  A howler monkey (D:7)
  7 orc priests
  8 hounds
  A jelly (D:5)
  A gnoll bouda (D:7)
  A sleepcap (D:8)
  An iguana (D:5)
  7 orc wizards
  27 gnolls
  6 adders
  2 shadow imps (D:6)
  3 white imps
  4 dart slugs
  2 worms
  31 orcs
  8 bats
  8 endoplasms
  A giant cockroach (D:1)
  7 goblins
  7 hobgoblins
  5 jackals
  7 quokkas
  7 ball pythons
  4 frilled lizards
  20 kobolds
  7 rats
236 creatures vanquished.

Notes
Turn   | Place    | Note
-------+----------+-------------------------------------------
     0 | D:5      | Reached skill level 9 in Stealth
     0 | D:5      | leafyfresh the Gnoll Delver began the quest for the Orb.
     0 | D:5      | Reached XP level 1. HP: 23/23 MP: 1/1
    10 | D:5      | Noticed a hound
    29 | D:5      | Killed a hound
    30 | D:5      | Reached XP level 2. HP: 21/29 MP: 1/3
    30 | D:5      | Reached XP level 3. HP: 26/35 MP: 1/4
   170 | D:5      | Reached skill level 1 in Long Blades
   170 | D:5      | Reached skill level 1 in Axes
   170 | D:5      | Reached skill level 1 in Maces & Flails
   170 | D:5      | Reached skill level 1 in Polearms
   170 | D:5      | Reached skill level 1 in Staves
   170 | D:5      | Reached skill level 1 in Ranged Weapons
   170 | D:5      | Reached skill level 1 in Throwing
   170 | D:5      | Reached skill level 1 in Armour
   170 | D:5      | Reached skill level 1 in Shields
   170 | D:5      | Reached skill level 1 in Unarmed Combat
   170 | D:5      | Reached skill level 1 in Spellcasting
   170 | D:5      | Reached skill level 1 in Invocations
   170 | D:5      | Reached skill level 1 in Evocations
   170 | D:5      | Reached XP level 4. HP: 41/41 MP: 5/5
   181 | D:5      | Noticed a water moccasin
   185 | D:5      | Killed a water moccasin
   186 | D:5      | Reached skill level 1 in Conjurations
   186 | D:5      | Reached skill level 1 in Hexes
   186 | D:5      | Reached skill level 1 in Summonings
   186 | D:5      | Reached skill level 1 in Necromancy
   186 | D:5      | Reached skill level 1 in Translocations
   186 | D:5      | Reached skill level 1 in Transmutations
   186 | D:5      | Reached skill level 1 in Fire Magic
   186 | D:5      | Reached skill level 1 in Ice Magic
   186 | D:5      | Reached skill level 1 in Air Magic
   186 | D:5      | Reached skill level 1 in Earth Magic
   186 | D:5      | Reached skill level 1 in Poison Magic
   186 | D:5      | Reached XP level 5. HP: 47/47 MP: 5/7
   244 | D:5      | Reached XP level 6. HP: 53/53 MP: 8/8
   341 | D:5      | Reached skill level 5 in Short Blades
   341 | D:5      | Reached skill level 5 in Dodging
   359 | D:5      | Noticed a water moccasin
   376 | D:5      | Killed a water moccasin
  1051 | D:5      | Identified the +6 short sword of Hubris {protect, rC- rCorr
                  | Dex+3}
  1248 | D:5      | Found a snail-covered altar of Cheibriados.
  1552 | D:4      | Reached XP level 7. HP: 44/60 MP: 10/10
  1805 | D:4      | Found an iron altar of Okawaru.
  1805 | D:4      | Found a sacrificial altar of Ru.
  1922 | D:4      | Reached skill level 10 in Stealth
  2410 | D:4      | Found a staircase to the Ecumenical Temple.
  2617 | Temple   | Entered the Ecumenical Temple
  2664 | Temple   | Became a worshipper of Gozag Ym Sagoz the Greedy
  2938 | D:3      | Reached XP level 8. HP: 63/67 MP: 12/12
  3018 | D:3      | Found Heuso's Antique Armour Emporium.
  3229 | D:3      | Found a hide-covered altar of Uskayaw.
  3232 | D:3      | Found a basalt altar of Yredelemnul.
  3236 | D:3      | Found a burning altar of Makhleb.
  3236 | D:3      | Found a shimmering altar of Xom.
  3250 | D:3      | Found an ornate altar of the Wu Jian Council.
  3484 | D:2      | Found Jobrympy's Distillery.
  3598 | D:2      | Noticed Sigmund
  3603 | D:2      | Killed Sigmund
  4142 | D:1      | Learned a level 3 spell: Teleport Other
  5473 | D:7      | Found a white marble altar of Elyvilon.
  5477 | D:7      | Found a glowing golden altar of the Shining One.
  5478 | D:7      | Found a glowing silver altar of Zin.
  5532 | D:7      | Found a shimmering blue altar of Sif Muna.
  5584 | D:7      | Reached XP level 9. HP: 73/73 MP: 14/14
  5791 | D:7      | Noticed Dowan
  5792 | D:7      | Noticed Duvessa
  5808 | D:7      | Killed Duvessa
  5821 | D:7      | Found a radiant altar of Vehumet.
  6407 | D:8      | Found a stormy altar of Qazlal.
  6434 | D:8      | Noticed a two-headed ogre
  6436 | D:8      | Killed a two-headed ogre
  6437 | D:8      | Reached skill level 5 in Invocations
  6771 | D:8      | Reached skill level 5 in Long Blades
  6771 | D:8      | Reached skill level 5 in Axes
  6771 | D:8      | Reached skill level 5 in Maces & Flails
  6771 | D:8      | Reached skill level 5 in Polearms
  6771 | D:8      | Reached skill level 5 in Staves
  6771 | D:8      | Reached skill level 5 in Ranged Weapons
  6771 | D:8      | Reached skill level 5 in Throwing
  6771 | D:8      | Reached skill level 5 in Armour
  6771 | D:8      | Reached skill level 5 in Shields
  6771 | D:8      | Reached skill level 5 in Unarmed Combat
  6771 | D:8      | Reached skill level 5 in Spellcasting
  6771 | D:8      | Reached skill level 5 in Evocations
  6879 | D:8      | Identified the +11 chain mail of Uskayaw's Condemnation
                  | {+Inv}
  7112 | D:8      | Reached XP level 10. HP: 72/81 MP: 17/17
  7120 | D:8      | Killed Dowan
  7652 | D:7      | Noticed a two-headed ogre
  7652 | D:7      | Noticed a two-headed ogre
  7686 | D:7      | HP: 3/82 [spriggan/+0 rapier (7)]
  7696 | D:7      | HP: 3/82 [spriggan/+0 rapier (9)]
  7700 | D:7      | HP: 1/82 [spriggan/+0 rapier (2)]
  8175 | D:6      | Killed a two-headed ogre
  8176 | D:6      | Reached skill level 11 in Stealth
  8472 | D:7      | Killed a two-headed ogre
  8809 | D:7      | Found the +12 pair of quick blades "Gyre" and "Gimble"
                  | {protect}
  9989 | D:9      | Found a broken altar of Ashenzari.
 10490 | D:10     | Entered Level 10 of the Dungeon
 10643 | D:10     | Reached skill level 5 in Conjurations
 10643 | D:10     | Reached skill level 5 in Hexes
 10643 | D:10     | Reached skill level 5 in Summonings
 10643 | D:10     | Reached skill level 5 in Necromancy
 10643 | D:10     | Reached skill level 5 in Translocations
 10643 | D:10     | Reached skill level 5 in Transmutations
 10643 | D:10     | Reached skill level 5 in Fire Magic
 10643 | D:10     | Reached skill level 5 in Ice Magic
 10643 | D:10     | Reached skill level 5 in Air Magic
 10643 | D:10     | Reached skill level 5 in Earth Magic
 10643 | D:10     | Reached skill level 5 in Poison Magic
 10643 | D:10     | Reached XP level 11. HP: 82/89 MP: 20/20
 10701 | D:10     | Found a staircase to the Lair.
 11100 | D:10     | Found an ancient bone altar of Kikubaaqudgha.
 11101 | D:10     | Noticed a two-headed ogre
 11117 | D:10     | Killed a two-headed ogre
 11481 | D:11     | Found a frozen archway.
 11483 | D:11     | Noticed Josephine
 11487 | IceCv    | Entered an ice cave
 11487 | IceCv    | Noticed a white ugly thing
 11519 | IceCv    | HP: 1/89 [anaconda simulacrum (11)]
 11519 | IceCv    | Mangled by an anaconda simulacrum

Illustrated notes

Levels and vault maps discovered:
D:1:      reono_arrival_forest_river, layout_loops_ring
D:2:      layout_loops_ring, serial_shops, nicolae_shop_tiny_glass, uniq_sigmund
D:3:      layout_rooms, minitemple, serial_shops, shop, chequers_jeans
D:4:      layout_loops_ring, gammafunk_temple_overflow_wave,
          minmay_temple_entry_hall, minmay_distorted
D:5:      layout_basic, kennysheep_mini, chequers_serial_rivers_micro_e
D:6:      nicolae_cairo_tiling_large, layout_rooms, kennysheep_generic_room_15
D:7:      layout_basic, good_gods_temple_1, vehumet_altar_wand_db,
          marbit_many_paths, hellmonk_guarded_unrand_gyre_and_gimble,
          uniq_duvessa
D:8:      layout_loops_ring, nicolae_qazlal_general_emergency
D:9:      layout_loops_ring, nicolae_ashenzari_panopticon,
          hangedman_decor_clover_reticule, grunt_ministairs_13, minivault_14
D:10:     layout_gridville, kiku_gazebo_pond_becter, due_lair_maze_entry_diamond
D:11:     layout_roguey, hiddenorc1_lemuel, portal_ice_cave_entry_pillars_2,
          uniq_josephine, uniq_sonja
Temple:   corrupted_temple
IceCv:    ice_cave_statue_garden_transporter

Skill      XL: |  1  2  3  4  5  6  7  8  9 10 11 |
---------------+----------------------------------+-----
Stealth        | 10 11 | 11.5
Long Blades    | 1 2 3 5 6 |  6.3
Axes           | 1 2 3 5 6 |  6.3
Maces & Flails | 1 2 3 5 6 |  6.3
Polearms       | 1 2 3 5 6 |  6.3
Staves         | 1 2 3 5 6 |  6.3
Ranged Weapons | 1 2 3 5 6 |  6.3
Throwing       | 1 2 3 5 6 |  6.3
Armour         | 1 2 3 5 6 |  6.3
Shields        | 1 2 3 5 6 |  6.3
Unarmed Combat | 1 2 3 5 6 |  6.3
Spellcasting   | 1 2 3 5 6 |  6.3
Invocations    | 1 2 3 4 5 6 7 |  7.0
Evocations     | 1 2 3 5 6 |  6.3
Conjurations   | 1 2 3 4 5 |  5.3
Hexes          | 1 2 3 4 5 |  5.3
Summonings     | 1 2 3 4 5 |  5.3
Necromancy     | 1 2 3 4 5 |  5.3
Translocations | 1 2 3 4 5 |  5.3
Transmutations | 1 2 3 4 5 |  5.3
Fire Magic     | 1 2 3 4 5 |  5.3
Ice Magic      | 1 2 3 4 5 |  5.3
Air Magic      | 1 2 3 4 5 |  5.3
Earth Magic    | 1 2 3 4 5 |  5.3
Poison Magic   | 1 2 3 4 5 |  5.3
Short Blades   | 5 6 7 |  7.9
Dodging        | 5 6 7 |  7.9
Fighting       | 7 8 9 |  9.2

Action                     |  1- 3 |  4- 6 |  7- 9 | 10-12 || total
---------------------------+-------+-------+-------+-------++-------
  Melee: Short sword       |    16 |    33 |   479 |   392 ||   920
         Bite              |       |     5 |    54 |    58 ||   117
         Punch             |       |       |    15 |     7 ||    22
   Cast: Teleport Other    |       |       |       |     5 ||     5
    Use: Scroll            |       |       |     9 |    10 ||    19
         Potion            |       |       |       |     9 ||     9
   Stab: Sleeping          |     1 |     5 |    31 |     3 ||    40
         Distracted        |       |       |     5 |     2 ||     7
 Armour: Leather armour    |     2 |     5 |       |       ||     7
         Scale mail        |       |       |   181 |   127 ||   308
  Dodge: Dodged            |    13 |    11 |   198 |   146 ||   368
  Block: Buckler           |       |       |       |   101 ||   101
